[Event "RUS-chT Women Rapid 2019"]
[Site "Sochi"]
[Date "2019.10.19"]
[Round "8.6"]
[White "Danilova, Rada"]
[Black "Tomilova, Elena"]
[Result "1/2-1/2"]
[ECO "D10"]
[WhiteElo "1843"]
[BlackElo "2345"]
[Annotator "NA"]
[PlyCount "107"]
[EventDate "2019.10.18"]
[EventType "swiss"]
[EventCountry "RUS"]
[SourceTitle "playchess.com"]
[Source "ChessBase"]
[SourceQuality "1"]
[TimeControl "900+10"]

1. d4 d5 2. c4 c6 3. cxd5 cxd5 4. Bg5 h6 5. Bh4 Nc6 6. Nc3 Qb6 7. Qd2 e6 8. e3 Be7 9. Nf3 Bxh4 10. Nxh4 Nf6 11. Bd3 Bd7 12. Rc1 Na5 13. b3 O-O 14. O-O Rac8 15. Nf3 a6 16. Ne5 Bb5 17. Nxb5 axb5 18. Qb4 Nc6 19. Qxb5 Qxb5 20. Bxb5 Nxe5 21. dxe5 Ne4 22. Bd7 Ra8 23. Rc2 b6 24. b4 Rfd8 25. Bb5 Ra3 26. Rfc1 d4 27. exd4 Rxd4 28. Rc4 Rxc4 29. Bxc4 Nd2 30. h4 g5 31. hxg5 hxg5 32. Rc2 Nxc4 33. Rxc4 Rxa2 34. Rg4 Ra1+ 35. Kh2 Kf8 36. Rxg5 Rb1 37. Rg4 Ke7 38. Rd4 f6 39. exf6+ Kxf6 40. f4 Kf5 41. Kg3 b5 42. Kf3 Rb3+ 43. Kf2 Rb2+ 44. Kg3 Rb1 45. Kh4 Rh1+ 46. Kg3 Rb1 47. Kf3 Rb3+ 48. Kf2 Rb2+ 49. Kg3 Rb1 50. Kf3 Rb3+ 51. Kf2 Rb2+ 52. Kg3 Rb1 53. Kh3 Rh1+ 54. Kg3 {[%emt 0:00:03] Ke5} 1/2-1/2

[Event "RUS-chT Women Rapid 2019"]
[Site "Sochi"]
[Date "2019.10.19"]
[Round "8.7"]
[White "Gritsayeva, Oksana"]
[Black "Ivanova, Anastasia S."]
[Result "0-1"]
[ECO "B53"]
[WhiteElo "2370"]
[BlackElo "1615"]
[Annotator "NA"]
[PlyCount "116"]
[EventDate "2019.10.18"]
[EventType "swiss"]
[EventCountry "RUS"]
[SourceTitle "playchess.com"]
[Source "ChessBase"]
[SourceQuality "1"]
[TimeControl "900+10"]

1. e4 c5 2. Nf3 d6 3. d4 cxd4 4. Qxd4 Nc6 5. Bb5 Bd7 6. Qd3 g6 7. O-O Bg7 8. c4 Nf6 9. Nc3 O-O 10. h3 Rc8 11. Bxc6 Bxc6 12. Bd2 Nd7 13. b4 b6 14. Rac1 Bb7 15. Rfe1 Ba6 16. Nd5 h6 17. b5 Bb7 18. Bf4 Kh7 19. Qa3 Ra8 20. Qe3 Nc5 21. Rcd1 Ne6 22. Bg3 Rc8 23. e5 Rxc4 24. exd6 exd6 25. Bxd6 Re8 26. Ne5 Bxd5 27. Rxd5 Qa8 28. Qd2 Nf4 29. Nxc4 Rxe1+ 30. Qxe1 Qxd5 31. Bxf4 Qxc4 32. Bg3 Qxa2 33. Qe7 Qb1+ 34. Kh2 Qxb5 35. Qxa7 Qb3 36. Qc7 b5 37. Be5 Bxe5+ 38. Qxe5 Qc4 39. Qf6 b4 40. Qb6 b3 41. g3 Qc2 42. Qa7 Qf5 43. Qb6 Qe6 44. Qb4 Qd5 45. Qc3 Qb7 46. Qb2 Qf3 47. Kg1 Qd1+ 48. Kg2 Qc2 49. Qf6 Qe4+ 50. Kg1 Kg8 51. Qd8+ Kg7 52. Qb6 Qe1+ 53. Kg2 Qc3 54. Qb5 b2 55. h4 Qc2 56. Qe5+ Kh7 57. Qf6 Qb3 58. h5 b1=Q 0-1

[Event "RUS-chT Women Rapid 2019"]
[Site "Sochi"]
[Date "2019.10.19"]
[Round "8.8"]
[White "Gaer, Margarita"]
[Black "Vasilevich, Tatjana"]
[Result "0-1"]
[ECO "A46"]
[WhiteElo "1606"]
[BlackElo "2360"]
[Annotator "NA"]
[PlyCount "106"]
[EventDate "2019.10.18"]
[EventType "swiss"]
[EventCountry "RUS"]
[SourceTitle "playchess.com"]
[Source "ChessBase"]
[SourceQuality "1"]
[TimeControl "900+10"]

1. d4 Nf6 2. Nf3 e6 3. Bf4 d5 4. e3 Bd6 5. Bd3 O-O 6. Ne5 c5 7. c3 Nc6 8. Qc2 Qc7 9. Nxc6 Bxf4 10. exf4 Qxc6 11. Nd2 cxd4 12. cxd4 Qxc2 13. Bxc2 Bd7 14. O-O Bb5 15. Rfe1 Rac8 16. Rac1 g6 17. Bb1 Nd7 18. Nf3 Nb6 19. Ne5 Na4 20. Bd3 Bxd3 21. Nxd3 Rc4 22. Rxc4 dxc4 23. Nc5 Nxb2 24. Nxb7 Nd3 25. Rd1 Nxf4 26. g3 Nd5 27. Rc1 c3 28. Nc5 Rb8 29. Na4 Rc8 30. Nc5 e5 31. Nb3 exd4 32. Nxd4 Rc4 33. Nb3 Ra4 34. Rc2 Kf8 35. Kf1 Rc4 36. Ke2 Nb4 37. Rc1 Nxa2 38. Ra1 Nb4 39. Rxa7 Re4+ 40. Kf3 Re1 41. Rc7 Nd5 42. Rc5 Rb1 43. Rxd5 Rxb3 44. Rc5 c2+ 45. Ke2 Rb2 46. Kd2 c1=Q+ 47. Kxc1 Rxf2 48. h4 Rf3 49. g4 Rf4 50. h5 Rxg4 51. hxg6 hxg6 52. Kd2 Re4 53. Kd3 Re6 0-1

[Event "RUS-chT Women Rapid 2019"]
[Site "Sochi"]
[Date "2019.10.19"]
[Round "8.9"]
[White "Ambartsumova, Karina"]
[Black "Gunina, Valentina"]
[Result "1-0"]
[ECO "A28"]
[WhiteElo "2341"]
[BlackElo "2509"]
[Annotator "ChessBase"]
[PlyCount "117"]
[EventDate "2019.10.18"]
[EventType "swiss"]
[EventCountry "RUS"]
[SourceTitle "playchess.com"]
[Source "ChessBase"]
[SourceQuality "1"]
[TimeControl "900+10"]

1. c4 e5 2. Nc3 Nf6 3. Nf3 Nc6 4. a3 e4 5. Ng5 Qe7 6. d3 exd3 7. Qxd3 Ne5 8. Qc2 Nxc4 9. e4 Nd6 10. Bd3 h6 11. Nf3 Ndxe4 12. O-O d5 13. Nxd5 Nxd5 14. Bxe4 Be6 15. Bxd5 Bxd5 16. Re1 Be6 17. Bf4 Qc5 18. Rxe6+ fxe6 19. Qg6+ Kd8 20. Rd1+ Bd6 21. Bxd6 cxd6 22. Qxe6 Rc8 23. b4 Qc2 24. Qxd6+ Ke8 25. Ne5 Qf5 26. Ng6 Kf7 27. Nxh8+ Rxh8 28. Qd7+ Qxd7 29. Rxd7+ Kf6 30. Rxb7 Ra8 31. a4 a5 32. h4 axb4 33. Rxb4 Rc8 34. g3 Rc1+ 35. Kg2 h5 36. Rb6+ Kf5 37. Rb5+ Kg6 38. Rg5+ Kh6 39. Kf3 Rc3+ 40. Ke2 Rc2+ 41. Ke3 Rc3+ 42. Kd2 Ra3 43. a5 Ra2+ 44. Ke3 Ra3+ 45. Ke4 Ra2 46. f4 Rd2 47. Rd5 Ra2 48. Rd6+ Kh7 49. a6 Ra3 50. Kd5 Rxg3 51. Kc6 Rc3+ 52. Kb7 Re3 53. a7 Re7+ 54. Ka6 Re8 55. Rb6 Rf8 56. Rb8 Rf6+ 57. Kb5 Rf5+ 58. Kc6 Rf6+ 59. Kd5 1-0

[Event "RUS-chT Women Rapid 2019"]
[Site "Sochi"]
[Date "2019.10.19"]
[Round "8.10"]
[White "Bivol, Alina"]
[Black "Shafigullina, Zarina"]
[Result "1-0"]
[ECO "A20"]
[WhiteElo "2371"]
[BlackElo "2295"]
[Annotator "NA"]
[PlyCount "91"]
[EventDate "2019.10.18"]
[EventType "swiss"]
[EventCountry "RUS"]
[SourceTitle "playchess.com"]
[Source "ChessBase"]
[SourceQuality "1"]
[TimeControl "900+10"]

1. c4 e5 2. g3 c6 3. Nf3 e4 4. Nd4 d5 5. cxd5 cxd5 6. d3 Bb4+ 7. Nc3 Bxc3+ 8. bxc3 Ne7 9. dxe4 dxe4 10. Bg2 f5 11. Qb3 Qd5 12. Ba3 Qxb3 13. axb3 a6 14. f3 exf3 15. Bxf3 Nbc6 16. O-O Bd7 17. e4 O-O-O 18. Nxf5 Nxf5 19. exf5 Rde8 20. Rae1 Rxe1 21. Rxe1 Bxf5 22. Bc5 Bd7 23. b4 Re8 24. Rxe8+ Bxe8 25. Bd5 g6 26. Kf2 Ne5 27. Bd4 Nc6 28. Bg7 Kd7 29. Ke3 Kd6 30. Bg8 Ne7 31. Bf8 h5 32. Kf4 Kd7 33. Bb3 Nf5 34. Bc5 Kc7 35. h3 b6 36. Bf2 a5 37. Ke5 a4 38. Ba2 Nd6 39. c4 Nf7+ 40. Kf6 Nd6 41. Ke7 Bd7 42. Bxb6+ Kxb6 43. Kxd7 Ne4 44. c5+ Kb5 45. c6 Nf6+ 46. Ke7 1-0

[Event "RUS-chT Women Rapid 2019"]
[Site "Sochi"]
[Date "2019.10.19"]
[Round "8.11"]
[White "Yakimova, Mariya"]
[Black "Maltsevskaya, Aleksandra"]
[Result "1-0"]
[ECO "A58"]
[WhiteElo "2276"]
[BlackElo "2333"]
[Annotator "NA"]
[PlyCount "77"]
[EventDate "2019.10.18"]
[EventType "swiss"]
[EventCountry "RUS"]
[SourceTitle "playchess.com"]
[Source "ChessBase"]
[SourceQuality "1"]
[TimeControl "900+10"]

1. d4 Nf6 2. c4 c5 3. d5 b5 4. cxb5 a6 5. bxa6 e6 6. Nc3 exd5 7. Nxd5 Be7 8. Nf3 O-O 9. e3 Rxa6 10. Bc4 Bb7 11. Nxe7+ Qxe7 12. O-O Rb6 13. b3 Ne4 14. Bb2 Rg6 15. Bd5 Rd6 16. Bxb7 Rxd1 17. Rfxd1 Nc6 18. Bxc6 dxc6 19. Ne5 Qe6 20. Nc4 f5 21. Be5 h5 22. a4 h4 23. h3 g5 24. f3 Nf6 25. Rd6 Qe7 26. Rxc6 g4 27. a5 gxf3 28. gxf3 Qb7 29. Rxf6 Rxf6 30. Bxf6 f4 31. a6 Qxf3 32. a7 Qg3+ 33. Kf1 Qxh3+ 34. Ke2 Qg2+ 35. Kd1 Qg1+ 36. Kd2 fxe3+ 37. Nxe3 Qf2+ 38. Kd3 c4+ 39. bxc4 1-0

[Event "RUS-chT Women Rapid 2019"]
[Site "Sochi"]
[Date "2019.10.19"]
[Round "8.12"]
[White "Obolentseva, Alexandra"]
[Black "Markelova, Lubov"]
[Result "1-0"]
[ECO "D43"]
[WhiteElo "2282"]
[BlackElo "2198"]
[Annotator "NA"]
[PlyCount "81"]
[EventDate "2019.10.18"]
[EventType "swiss"]
[EventCountry "RUS"]
[SourceTitle "playchess.com"]
[Source "ChessBase"]
[SourceQuality "1"]
[TimeControl "900+10"]

1. d4 d5 2. c4 c6 3. Nf3 Nf6 4. Nc3 e6 5. cxd5 exd5 6. Bg5 Be7 7. Qc2 g6 8. e3 Bf5 9. Bd3 Bxd3 10. Qxd3 O-O 11. O-O Nbd7 12. h3 Re8 13. Bf4 Nf8 14. Ne5 N6d7 15. Rae1 Nxe5 16. Bxe5 Nd7 17. Bh2 Nf6 18. Bf4 Nh5 19. Be5 Bf6 20. Bh2 Bg7 21. b4 Nf6 22. b5 Qa5 23. Rb1 Rac8 24. Rb3 c5 25. dxc5 Rxc5 26. Bd6 Rcc8 27. Bb4 Qd8 28. Rd1 d4 29. Qxd4 Qxd4 30. exd4 Ne4 31. Nd5 Rc2 32. Re3 Bh6 33. Rxe4 Rxe4 34. Nf6+ Kg7 35. Nxe4 Rxa2 36. d5 f5 37. Bc3+ Kf7 38. Nd6+ Ke7 39. Nxb7 Rc2 40. d6+ Kd7 41. Nc5+ 1-0

[Event "RUS-chT Women Rapid 2019"]
[Site "Sochi"]
[Date "2019.10.19"]
[Round "9.1"]
[White "Badelka, Olga"]
[Black "Voit, Daria"]
[Result "1/2-1/2"]
[ECO "E20"]
[WhiteElo "2300"]
[BlackElo "2336"]
[Annotator "NA"]
[PlyCount "67"]
[EventDate "2019.10.18"]
[EventType "swiss"]
[EventCountry "RUS"]
[SourceTitle "playchess.com"]
[Source "ChessBase"]
[SourceQuality "1"]
[TimeControl "900+10"]

1. d4 Nf6 2. c4 e6 3. Nc3 Bb4 4. Bd2 d5 5. e3 O-O 6. Nf3 c5 7. cxd5 cxd4 8. Nxd4 Nxd5 9. Rc1 Bxc3 10. Bxc3 Bd7 11. Be2 Nc6 12. Bf3 Nxc3 13. Rxc3 Ne5 14. Be4 Qb6 15. O-O Qxb2 16. Rc7 f5 17. Rxb7 Qxa2 18. Nxf5 Rxf5 19. Bxf5 exf5 20. Rxd7 Nxd7 21. Qxd7 a5 22. Qxf5 a4 23. Qe4 Rf8 24. Qb1 Qd2 25. Qa1 Qc2 26. h3 h6 27. Qa3 Rd8 28. Qa1 Rf8 29. Qd1 Qa2 30. Qb1 Qd2 31. Qd1 Rxf2 32. Qxd2 Rxd2 33. Ra1 Rd3 34. Rxa4 1/2-1/2

[Event "RUS-chT Women Rapid 2019"]
[Site "Sochi"]
[Date "2019.10.19"]
[Round "9.2"]
[White "Tomilova, Elena"]
[Black "Sukhareva, Evgeniya"]
[Result "1-0"]
[ECO "A20"]
[WhiteElo "2345"]
[BlackElo "2219"]
[Annotator "NA"]
[PlyCount "67"]
[EventDate "2019.10.18"]
[EventType "swiss"]
[EventCountry "RUS"]
[SourceTitle "playchess.com"]
[Source "ChessBase"]
[SourceQuality "1"]
[TimeControl "900+10"]

1. c4 e5 2. g3 Nf6 3. Bg2 c6 4. Nf3 Qc7 5. O-O d6 6. Nc3 g6 7. d3 Bg7 8. Rb1 a5 9. a3 O-O 10. b4 axb4 11. axb4 d5 12. cxd5 cxd5 13. Qb3 Be6 14. Ng5 Qd7 15. Nxe6 fxe6 16. b5 Qe7 17. Na4 Qc7 18. Ba3 Re8 19. Bb4 Nbd7 20. Rfc1 Qb8 21. Bh3 e4 22. d4 e3 23. f3 Nh5 24. Nc5 Nxc5 25. dxc5 Nxg3 26. Qd3 Qf4 27. Be1 Nh5 28. Rb4 Qh6 29. c6 Be5 30. cxb7 Rab8 31. Rc8 Nf4 32. Rxf4 Bxf4 33. Bxe6+ Kh8 34. Bc3+ 1-0

[Event "RUS-chT Women Rapid 2019"]
[Site "Sochi"]
[Date "2019.10.19"]
[Round "9.3"]
[White "Chan, Naruna"]
[Black "Gritsayeva, Oksana"]
[Result "1/2-1/2"]
[ECO "B07"]
[WhiteElo "1890"]
[BlackElo "2370"]
[Annotator "NA"]
[PlyCount "107"]
[EventDate "2019.10.18"]
[EventType "swiss"]
[EventCountry "RUS"]
[SourceTitle "playchess.com"]
[Source "ChessBase"]
[SourceQuality "1"]
[TimeControl "900+10"]

1. e4 d6 2. d4 Nf6 3. Nc3 e5 4. dxe5 dxe5 5. Qxd8+ Kxd8 6. Bg5 Be6 7. O-O-O+ Nbd7 8. Nd5 Be7 9. Nxe7 Kxe7 10. f3 Rhd8 11. Ne2 Nb6 12. Nc3 Rxd1+ 13. Nxd1 h6 14. Bh4 Kf8 15. Ne3 Ne8 16. Be2 Nd6 17. Rd1 f6 18. b3 Ke7 19. c4 c5 20. Nd5+ Nxd5 21. cxd5 Bd7 22. Kb2 Rc8 23. Rc1 b6 24. Bd3 Bb5 25. Bxb5 Nxb5 26. Bf2 Kd7 27. g3 Nd6 28. Kc3 Rf8 29. g4 g6 30. Bg3 Re8 31. Kd3 h5 32. gxh5 gxh5 33. Bh4 f5 34. Rg1 fxe4+ 35. fxe4 Rf8 36. Ke3 b5 37. Rg7+ Rf7 38. Rg5 Rf4 39. Rxh5 Rxe4+ 40. Kf3 Rf4+ 41. Ke2 Rd4 42. Bg3 Rxd5 43. Rxe5 Rxe5+ 44. Bxe5 Nf5 45. Kd3 Ke6 46. Ke4 a6 47. Bc7 c4 48. bxc4 bxc4 49. Bd8 Nd6+ 50. Kd4 Kd7 51. Bg5 Kc6 52. h4 Nf5+ 53. Kxc4 Nxh4 54. Bxh4 1/2-1/2

[Event "RUS-chT Women Rapid 2019"]
[Site "Sochi"]
[Date "2019.10.19"]
[Round "9.4"]
[White "Vasilevich, Tatjana"]
[Black "Dumcheva, Julia"]
[Result "0-1"]
[ECO "E86"]
[WhiteElo "2360"]
[BlackElo "2152"]
[Annotator "NA"]
[PlyCount "128"]
[EventDate "2019.10.18"]
[EventType "swiss"]
[EventCountry "RUS"]
[SourceTitle "playchess.com"]
[Source "ChessBase"]
[SourceQuality "1"]
[TimeControl "900+10"]

1. d4 Nf6 2. c4 g6 3. Nc3 Bg7 4. e4 d6 5. f3 O-O 6. Nge2 e5 7. Be3 c6 8. d5 c5 9. Ng3 Ne8 10. Qd2 f5 11. exf5 gxf5 12. Bg5 Qd7 13. Bd3 Qf7 14. O-O-O Bd7 15. Bh6 Qg6 16. Bxg7 Nxg7 17. f4 e4 18. Be2 a6 19. Kb1 b5 20. cxb5 axb5 21. Bxb5 Bxb5 22. Nxb5 Na6 23. a3 Rfb8 24. Nc3 Rb3 25. Rc1 Rab8 26. Ka2 Qf6 27. Rc2 c4 28. Qe2 Qd4 29. Rd1 Qb6 30. Na4 Rxa3+ 31. bxa3 Qb3+ 32. Ka1 Qxa4 33. Qxc4 Nb4 34. Rc3 Qxd1+ 35. Rc1 Qa4 36. Rc3 Ra8 37. Ne2 Nd3 38. Qxa4 Rxa4 39. Rc8+ Kf7 40. Rc7+ Kf6 41. Rc6 Rxa3+ 42. Kb1 Ne8 43. Rc8 Ke7 44. Nd4 Kd7 45. Rb8 Nxf4 46. Rb7+ Nc7 47. Rxc7+ Kxc7 48. Nb5+ Kd7 49. Nxa3 Nxd5 50. Nc4 Ke6 51. Kc2 f4 52. Kd2 Nf6 53. Kc3 d5 54. Nd2 Ke5 55. Nb3 Ng4 56. Nc5 Nxh2 57. Nd7+ Kd6 58. Nf6 Ke5 59. Nd7+ Kf5 60. Kd4 e3 61. Nc5 e2 62. Nd3 f3 63. Ke3 fxg2 64. Kf2 Nf3 0-1

[Event "RUS-chT Women Rapid 2019"]
[Site "Sochi"]
[Date "2019.10.19"]
[Round "9.5"]
[White "Borisova, Ekaterina"]
[Black "Pogonina, Natalija"]
[Result "0-1"]
[ECO "D30"]
[WhiteElo "2118"]
[BlackElo "2479"]
[Annotator "ChessBase"]
[PlyCount "84"]
[EventDate "2019.10.18"]
[EventType "swiss"]
[EventCountry "RUS"]
[SourceTitle "playchess.com"]
[Source "ChessBase"]
[SourceQuality "1"]
[TimeControl "900+10"]

1. d4 d5 2. c4 e6 3. Nf3 Nf6 4. g3 Bb4+ 5. Bd2 Bd6 6. Nc3 c6 7. Bg5 h6 8. Bxf6 Qxf6 9. Bg2 O-O 10. O-O Qe7 11. e4 dxc4 12. a4 Nd7 13. Qe2 e5 14. d5 Nf6 15. dxc6 bxc6 16. Qxc4 Be6 17. Qe2 Rab8 18. Rfd1 Rb4 19. Rd2 Bc4 20. Qd1 Bb3 21. Qe2 Rfb8 22. a5 Bc5 23. Rb1 Bc4 24. Qd1 Ng4 25. h3 Nxf2 26. Rxf2 Rxb2 27. Nd2 Rxb1 28. Ncxb1 Bd3 29. Bf3 Bxb1 30. Nxb1 Rb2 31. Nd2 Qd6 32. Kf1 Bxf2 33. Nc4 Qxd1+ 34. Bxd1 Rb1 35. Ke2 Bxg3 36. Bc2 Rb4 37. Kd3 Kf8 38. a6 Ke7 39. Na5 Rb6 40. Ba4 Rxa6 41. Nxc6+ Kd6 42. Bb5 Rxc6 0-1

[Event "RUS-chT Women Rapid 2019"]
[Site "Sochi"]
[Date "2019.10.19"]
[Round "9.6"]
[White "Girya, Olga"]
[Black "Danilova, Rada"]
[Result "1-0"]
[ECO "E18"]
[WhiteElo "2476"]
[BlackElo "1843"]
[Annotator "ChessBase"]
[PlyCount "173"]
[EventDate "2019.10.18"]
[EventType "swiss"]
[EventCountry "RUS"]
[SourceTitle "playchess.com"]
[Source "ChessBase"]
[SourceQuality "1"]
[TimeControl "900+10"]

1. d4 Nf6 2. c4 e6 3. Nf3 b6 4. g3 Bb7 5. Bg2 Be7 6. O-O O-O 7. Nc3 Ne4 8. Bd2 f5 9. Ne5 Bf6 10. Nxe4 Bxe4 11. f3 Bxe5 12. dxe5 Bb7 13. Bc3 Qe7 14. Qd2 a5 15. Rfd1 Bc6 16. b4 Ba4 17. Rdb1 axb4 18. Bxb4 c5 19. Bc3 Ra6 20. Rb2 Nc6 21. Rab1 Na5 22. Bxa5 bxa5 23. f4 Qd8 24. Qe3 Bc6 25. Qxc5 Bxg2 26. Kxg2 Qa8+ 27. Rb7 Rb8 28. Qc7 Rxb7 29. Qxb7 Qxb7+ 30. Rxb7 Rc6 31. Rxd7 Rxc4 32. Re7 Ra4 33. Rxe6 Rxa2 34. Kf3 a4 35. Ra6 a3 36. Ra7 Ra1 37. Ke3 Kf8 38. Kd4 a2 39. Ke3 g6 40. Kf2 Ke8 41. Kg2 Kd8 42. Kh3 Kc8 43. Kh4 h6 44. Kh3 Kb8 45. Ra3 Kc7 46. Kg2 Kc6 47. Kf2 Kd7 48. Ke3 Ke6 49. Ra6+ Ke7 50. Kd2 Kd7 51. Kc2 Re1 52. Rxa2 Rxe2+ 53. Kb3 Re4 54. Ra4 Re2 55. Ra2 Re4 56. Ra4 Re2 57. Ra6 Rxh2 58. Rxg6 h5 59. Rh6 Rh3 60. Kc4 Rxg3 61. Rxh5 Ke6 62. Rh6+ Ke7 63. Rf6 Rg1 64. Kd4 Rd1+ 65. Ke3 Re1+ 66. Kf2 Ra1 67. Rxf5 Ra3 68. Rf6 Rb3 69. Ke2 Ra3 70. Rd6 Rh3 71. Rd3 Rh4 72. Kf3 Rh3+ 73. Ke4 Rh1 74. Ra3 Rh5 75. Ra7+ Ke8 76. f5 Rh4+ 77. Kd5 Rb4 78. Kc5 Rb1 79. Kc6 Rc1+ 80. Kd6 Rb1 81. Ra8+ Kf7 82. e6+ Kf6 83. Rf8+ Kg7 84. e7 Rd1+ 85. Kc5 Rc1+ 86. Kd4 Rd1+ 87. Ke4 1-0

[Event "RUS-chT Women Rapid 2019"]
[Site "Sochi"]
[Date "2019.10.19"]
[Round "9.7"]
[White "Ivanova, Anastasia S."]
[Black "Guseva, Marina"]
[Result "1/2-1/2"]
[ECO "B90"]
[WhiteElo "1615"]
[BlackElo "2366"]
[Annotator "NA"]
[PlyCount "60"]
[EventDate "2019.10.18"]
[EventType "swiss"]
[EventCountry "RUS"]
[SourceTitle "playchess.com"]
[Source "ChessBase"]
[SourceQuality "1"]
[TimeControl "900+10"]

1. e4 c5 2. Nf3 d6 3. d4 cxd4 4. Nxd4 Nf6 5. Nc3 a6 6. h3 e5 7. Nde2 h5 8. g3 Be6 9. Bg2 b5 10. a3 Nbd7 11. O-O Be7 12. Bg5 Rc8 13. f4 Qb6+ 14. Kh1 Ng4 15. Bxe7 Kxe7 16. f5 Bc4 17. b3 Ne3 18. bxc4 Nf6 19. Qd2 Nxf1 20. Rxf1 Rxc4 21. Qg5 Kf8 22. Rd1 Qc7 23. Rd3 Rh6 24. Qd2 Ke7 25. Qg5 Kf8 26. Qd2 Ke7 27. Qg5 Kf8 28. Qd2 Ke7 29. Qg5 Kf8 30. Qd2 Ke7 1/2-1/2

[Event "RUS-chT Women Rapid 2019"]
[Site "Sochi"]
[Date "2019.10.19"]
[Round "9.8"]
[White "Kovanova, Baira"]
[Black "Arutyunova, Yuliya"]
[Result "1-0"]
[ECO "A05"]
[WhiteElo "2344"]
[BlackElo "1681"]
[Annotator "NA"]
[PlyCount "99"]
[EventDate "2019.10.18"]
[EventType "swiss"]
[EventCountry "RUS"]
[SourceTitle "playchess.com"]
[Source "ChessBase"]
[SourceQuality "1"]
[TimeControl "900+10"]

1. Nf3 Nf6 2. c4 e6 3. e3 d5 4. b3 Be7 5. Nc3 O-O 6. Be2 b6 7. O-O Bb7 8. Bb2 Nbd7 9. Rc1 c6 10. d4 Rc8 11. Re1 dxc4 12. bxc4 Bb4 13. Qb3 Bxc3 14. Qxc3 Ne4 15. Qa3 Qc7 16. Red1 Qd6 17. Qxd6 Nxd6 18. Ba3 Ne4 19. Bxf8 Kxf8 20. Bd3 Nd6 21. c5 Ne8 22. Nd2 e5 23. Bf5 Rd8 24. Nc4 Ke7 25. Bxd7 Rxd7 26. Nxe5 Rc7 27. a4 f6 28. Nc4 b5 29. axb5 cxb5 30. Na5 Bd5 31. f3 f5 32. e4 fxe4 33. fxe4 Bf7 34. d5 Kd7 35. e5 Bh5 36. e6+ Kc8 37. Rf1 Re7 38. Rf8 b4 39. Nc6 Rc7 40. Nxb4 a5 41. Nc6 a4 42. Ra1 Rb7 43. d6 a3 44. d7+ Rxd7 45. exd7+ Kxd7 46. Nd4 Ke7 47. Rf5 Bg6 48. Re5+ Kf6 49. Re6+ Kg5 50. Rxa3 1-0

[Event "RUS-chT Women Rapid 2019"]
[Site "Sochi"]
[Date "2019.10.19"]
[Round "9.9"]
[White "Nasybullina, Alfia"]
[Black "Bodnaruk, Anastasia"]
[Result "1/2-1/2"]
[ECO "A48"]
[WhiteElo "2132"]
[BlackElo "2419"]
[Annotator "NA"]
[PlyCount "109"]
[EventDate "2019.10.18"]
[EventType "swiss"]
[EventCountry "RUS"]
[SourceTitle "playchess.com"]
[Source "ChessBase"]
[SourceQuality "1"]
[TimeControl "900+10"]

1. d4 Nf6 2. Nf3 g6 3. Bg5 Bg7 4. Nbd2 d5 5. e3 O-O 6. Bd3 b6 7. O-O Bb7 8. c4 Ne4 9. Bf4 Nxd2 10. Qxd2 dxc4 11. Bxc4 Bxf3 12. gxf3 e5 13. Bg3 exd4 14. exd4 Bxd4 15. Bxc7 Qxc7 16. Qxd4 Nc6 17. Qf6 Ne5 18. Bd5 Rad8 19. Rfd1 Rfe8 20. Rac1 Qe7 21. Qxe7 Rxe7 22. f4 Red7 23. fxe5 Rxd5 24. Rxd5 Rxd5 25. Rc8+ Kg7 26. Rc7 Rxe5 27. Rxa7 b5 28. Rb7 g5 29. f3 h5 30. Kf2 Kg6 31. b3 f6 32. a4 bxa4 33. bxa4 Rc5 34. Re7 Kf5 35. Re2 Ra5 36. Re4 Rc5 37. Re2 g4 38. Ra2 Ra5 39. Kg3 Kg5 40. fxg4 hxg4 41. h3 gxh3 42. Kxh3 Kf4 43. Kg2 f5 44. Kf2 Kg4 45. Ke3 f4+ 46. Kd4 f3 47. Kc4 Kg3 48. Kb4 Re5 49. a5 f2 50. Rxf2 Kxf2 51. a6 Re7 52. Kb5 Ke3 53. Kb6 Kd4 54. a7 Re8 55. Kb7 1/2-1/2

[Event "RUS-chT Women Rapid 2019"]
[Site "Sochi"]
[Date "2019.10.19"]
[Round "9.10"]
[White "Ovod, Evgenija"]
[Black "Mukhina, Jana"]
[Result "1-0"]
[ECO "C50"]
[WhiteElo "2347"]
[BlackElo "2105"]
[Annotator "NA"]
[PlyCount "113"]
[EventDate "2019.10.18"]
[EventType "swiss"]
[EventCountry "RUS"]
[SourceTitle "playchess.com"]
[Source "ChessBase"]
[SourceQuality "1"]
[TimeControl "900+10"]

1. e4 e5 2. Nf3 Nc6 3. Bc4 Bc5 4. O-O Nf6 5. d3 O-O 6. Nbd2 d6 7. c3 a6 8. Bb3 h6 9. h3 Be6 10. Bc2 d5 11. exd5 Nxd5 12. Re1 Bd6 13. Nc4 Qf6 14. Nxd6 cxd6 15. Bd2 Nf4 16. Bxf4 Qxf4 17. d4 Bd5 18. Nh2 exd4 19. Qd3 f5 20. f3 Rae8 21. a3 Re3 22. Rxe3 Qxe3+ 23. Qxe3 dxe3 24. f4 g5 25. g3 Re8 26. Bxf5 gxf4 27. gxf4 Rf8 28. Ng4 e2 29. Bd3 Bf3 30. Nxh6+ Kg7 31. Nf5+ Kf6 32. Kf2 Bh5 33. Ng3 Be8 34. Bxe2 Bd7 35. Bg4 Be8 36. Rd1 Ke7 37. Nf5+ Kd8 38. Rxd6+ Kc7 39. Rh6 Bd7 40. Rh7 Kd8 41. Nd4 Bxg4 42. Nxc6+ bxc6 43. hxg4 Rxf4+ 44. Kg3 Rf1 45. g5 Ke8 46. Kg4 Rf2 47. Rb7 a5 48. g6 Kf8 49. Rf7+ Rxf7 50. gxf7 a4 51. Kf5 Kxf7 52. Ke5 Ke7 53. Kd4 Kd6 54. Kc4 c5 55. Kb5 Kd5 56. Kxa4 Kc4 57. b4 1-0

[Event "RUS-chT Women Rapid 2019"]
[Site "Sochi"]
[Date "2019.10.19"]
[Round "9.11"]
[White "Mironenko, Galina"]
[Black "Belenkaya, Dina"]
[Result "1/2-1/2"]
[ECO "B01"]
[WhiteElo "2236"]
[BlackElo "2300"]
[Annotator "NA"]
[PlyCount "140"]
[EventDate "2019.10.18"]
[EventType "swiss"]
[EventCountry "RUS"]
[SourceTitle "playchess.com"]
[Source "ChessBase"]
[SourceQuality "1"]
[TimeControl "900+10"]

1. e4 d5 2. exd5 Qxd5 3. Nc3 Qa5 4. d4 c6 5. g3 g6 6. Bg2 Bg7 7. Nge2 Nf6 8. O-O O-O 9. a3 Bg4 10. h3 Be6 11. Re1 Re8 12. b4 Qd8 13. Bg5 h6 14. Bxf6 exf6 15. d5 cxd5 16. Nxd5 f5 17. Rc1 Nc6 18. c4 Rc8 19. Qb3 h5 20. Red1 h4 21. c5 Qg5 22. gxh4 Qxh4 23. Rc4 Qh6 24. Nef4 Rcd8 25. Nxe6 fxe6 26. Nc7 Nd4 27. Rcxd4 Rxd4 28. Rxd4 Bxd4 29. Nxe8 Qc1+ 30. Bf1 Qg5+ 31. Bg2 Qc1+ 32. Bf1 Qg5+ 33. Kh1 Kf7 34. Nd6+ Kf6 35. Qf3 Qc1 36. Kg2 Qg5+ 37. Kh1 Qc1 38. Kg2 Qg5+ 39. Qg3 Qd2 40. Ne8+ Kf7 41. Nd6+ Kf6 42. Nxb7 g5 43. c6 Bb6 44. Qf3 e5 45. c7 e4 46. Qg3 f4 47. c8=Q fxg3 48. Qf8+ Kg6 49. Qg8+ Kh6 50. Qf8+ Kg6 51. Qe8+ Kf6 52. Qf8+ Kg6 53. Kxg3 e3 54. Qe8+ Kh6 55. Qe6+ Kh5 56. Qf7+ Kh6 57. Qf6+ Kh7 58. Qf5+ Kh6 59. Qe6+ Kg7 60. Qe5+ Kg6 61. Qe6+ Kg7 62. Qe7+ Kg6 63. Qe4+ Kf6 64. Qf3+ Kg6 65. Qe4+ Kh6 66. fxe3 Bc7+ 67. Kg4 Qd1+ 68. Qf3 Qd7+ 69. Qf5 Qd1+ 70. Qf3 Qd7+ 1/2-1/2

[Event "RUS-chT Women Rapid 2019"]
[Site "Sochi"]
[Date "2019.10.19"]
[Round "9.12"]
[White "Styazhkina, Anna"]
[Black "Filippova, Darya"]
[Result "1-0"]
[ECO "B13"]
[WhiteElo "2280"]
[BlackElo "2034"]
[Annotator "NA"]
[PlyCount "57"]
[EventDate "2019.10.18"]
[EventType "swiss"]
[EventCountry "RUS"]
[SourceTitle "playchess.com"]
[Source "ChessBase"]
[SourceQuality "1"]
[TimeControl "900+10"]

1. e4 c6 2. d4 d5 3. exd5 cxd5 4. Bd3 Nc6 5. c3 Nf6 6. h3 g6 7. Nf3 Bg7 8. O-O Bf5 9. Bf4 O-O 10. Na3 Ne4 11. Re1 Nd6 12. Nc2 Re8 13. Ne3 Be4 14. Qe2 f6 15. Bh2 e5 16. dxe5 fxe5 17. Bxe4 dxe4 18. Nd2 Ne7 19. Rad1 Qc7 20. Ng4 Nef5 21. Nxe4 Nxe4 22. Qxe4 Rad8 23. Rxd8 Qxd8 24. Nxe5 Qd2 25. Qc4+ Kh8 26. Nf7+ Kg8 27. Nh6+ Kh8 28. Qg8+ Rxg8 29. Nf7# 1-0